 Dungeon Crawl Stone Soup version 0.28-a0-1167-g616b1c6417 (webtiles) character file.

Game seed: 10244609861048796481

334 ChaosChampion the Magician (level 6, -5/32 HPs)
             Began as a Deep Elf Conjurer on Dec 16, 2021.
             Slain by Edmund (13 damage)
             ... on level 4 of the Dungeon.
             The game lasted 00:04:02 (3696 turns).

ChaosChampion the Magician (Deep Elf Conjurer)      Turns: 3696, Time: 00:04:02

Health: -5/32      AC:  4    Str:  4    XL:     6   Next: 27%
Magic:  0/18       EV: 12    Int: 27    God:
Gold:   114        SH:  0    Dex: 14    Spells: 9/20 levels left

rFire   . . .      SeeInvis .   m - staff of conjuration
rCold   . . .      Faith    .   (no shield)
rNeg    . . .      Spirit   .   r - +1 robe of Yteijall {Harm rElec Int+2 Dex-5}
rPois   .          Reflect  .   (no helmet)
rElec   +          Harm     +   (no cloak)
rCorr   .          Rampage  .   (no gloves)
Will    .....                   i - +0 pair of boots
Stlth   ++........              (no amulet)
HPRegen 0.10/turn               j - +6 ring of dexterity
MPRegen 0.16/turn               (no ring)

@: very slightly contaminated
A: no striking features
a: no special abilities


You were on level 4 of the Dungeon.
You visited 1 branch of the dungeon, and saw 4 of its levels.

You collected 114 gold pieces.

Inventory:

Missiles
 h - 4 silver boomerangs
Armour
 a - a +0 robe
 i - a +0 pair of boots (worn)
 r - the +1 robe of Yteijall (worn) {Harm rElec Int+2 Dex-5}
   (You found it on level 4 of the Dungeon)

   Int:       It affects your intelligence (+2).
   Dex:       It affects your dexterity (-5).
   rElec:     It insulates you from electricity.
   Harm:      It increases damage dealt and taken.
Magical Staves
 m - a staff of conjuration (weapon)
Jewellery
 j - a +6 ring of dexterity (left hand)
 q - a +4 ring of slaying
Scrolls
 b - a scroll of brand weapon {unknown}
 c - 2 scrolls of enchant weapon {unknown}
 d - a scroll of vulnerability {unknown}
 f - a scroll of fear {unknown}
 g - a scroll of acquirement {unknown}
 l - a scroll of summoning {unknown}
 o - a scroll of amnesia {unknown}
 p - a scroll of silence {unknown}
Potions
 e - a potion of curing {unknown}
 k - a potion of invisibility {unknown}
 n - a potion of lignification {unknown}


   Skills:
 - Level 2.4 Dodging
 - Level 2.4 Stealth
 + Level 7.5 Spellcasting
 + Level 5.9 Conjurations
 * Level 0.3 Hexes
 * Level 0.1 Translocations


You had 9 spell levels left.
You knew the following spells:

 Your Spells              Type           Power      Damage    Failure   Level
a - Magic Dart            Conj           100%       1d8       1%          1
b - Searing Ray           Conj           100%       2d8       1%          2
c - Fulminant Prism       Conj/Hex       20%        3d13      16%         4
d - Iskenderun's Mystic   Conj/Tloc      40%        2d9       16%         4

Your spell library contained the following spells:

 Spells                   Type           Power      Damage    Failure   Level
 Dazzling Flash           Conj/Hex       80%        N/A       4%          3
 Gell's Gravitas          Tloc           11%        N/A       16%         3
 Lesser Beckoning         Tloc           11%        N/A       16%         3
 Teleport Other           Tloc           11%        N/A       16%         3
 Animate Dead             Necr           5%         N/A       50%         4
 Borgnjor's Vile Clutch   Necr/Erth      5%         N/A       83%         5
 Death Channel            Necr           5%         N/A       100%        6


Dungeon Overview and Level Annotations

Branches:
Dungeon (4/15)
 Temple: D:4-7

Altars:

Annotations:
D:4 2 transporters, Edmund; anet's ghost, amateur GrCj


Message History

The adder is severely wounded. (Press . to maintain the ray.) Edmund hits you with a +1 flail of protection.
The searing ray hits Edmund but does no damage.
Edmund is heavily wounded.
The searing ray hits the adder.
You kill the adder!
Edmund gestures with his flail.
Edmund hits you with a +1 flail of protection.
Casting: Searing Ray (safe; 1% risk of failure)
Confirm with . or Enter, or press ? or * to list all spells.
Restarting spell: Searing Ray (safe; 1% risk of failure)
Press: ? - help, Shift-Dir - straight line, f/p - Edmund
Aim: Edmund, wielding a +1 flail of protection and wearing a +2 ring mail of poison resistance (heavily wounded, 85% to hit)
You feel a surge of power!
The searing ray hits Edmund.
Edmund is heavily wounded. (Press . to maintain the ray.) Edmund misses you.
The searing ray hits Edmund but does no damage.
Edmund is heavily wounded.
Edmund closely misses you.
Casting: Searing Ray (safe; 1% risk of failure)
Confirm with . or Enter, or press ? or * to list all spells.
The spell is extremely dangerous to miscast (16% risk of failure)!
Continue anyway?
You feel a surge of power!
You miscast Iskenderun's Mystic Blast.
You are very lightly contaminated with residual magic.
Nothing appears to happen.
Edmund says, "People think my brother is the best.
I think he's crazy."
Edmund barely misses you.
Edmund hits you with a +1 flail of protection!
Ouch! That really hurt!
* * * LOW HITPOINT WARNING * * *
Casting: Iskenderun's Mystic Blast (extremely dangerous; 16% risk of failure)
Confirm with . or Enter, or press ? or * to list all spells.
The spell is extremely dangerous to miscast (16% risk of failure)!
Continue anyway?
You feel a surge of power!
You erupt in a blast of force!
The mystic blast hits Edmund but does no damage.
Edmund is heavily wounded.
Edmund hits you with a +1 flail of protection!
You die...

........### #.#
..........# #.#
#.........#####.#
#.............#.#
#......#...##.#.#
##...#.....##.#.######
##.#.#.##..##.#......#
.....h.....##@#####.##
#.#h...###.##@# #.#
#.#....###.##.# #.#
#......)......# #.#
####..####.########.#
## #.. #..........# .#
#. ###....##### .# #
#.##.# .#####...
#.##.###### .........
#.........#


You could see Edmund.

Vanquished Creatures
  A necrophage (D:4)
  A water moccasin zombie (D:3)
  An orc priest (D:4)
  An orc wizard (D:4)
  5 adders
  3 worms (D:2)
  A dart slug (D:2)
  9 orcs
  3 bats (D:1)
  7 endoplasms
  4 giant cockroaches (D:1)
  3 goblins
  6 hobgoblins
  2 jackals (D:2)
  7 kobolds
  4 quokkas
  7 ball pythons
  4 frilled lizards
  8 rats
77 creatures vanquished.

Notes
Turn   | Place    | Note
-------+----------+-------------------------------------------
     0 | D:1      | ChaosChampion the Deep Elf Conjurer began the quest for the
                  | Orb.
     0 | D:1      | Reached XP level 1. HP: 10/10 MP: 6/6
   127 | D:1      | Reached XP level 2. HP: 15/15 MP: 1/8
   197 | D:1      | Learned a level 2 spell: Searing Ray
   413 | D:1      | Reached skill level 4 in Spellcasting
  1031 | D:1      | Reached XP level 3. HP: 19/19 MP: 8/10
  1417 | D:2      | Reached skill level 5 in Spellcasting
  1481 | D:2      | Reached skill level 5 in Conjurations
  1696 | D:2      | Reached XP level 4. HP: 24/24 MP: 10/13
  2570 | D:3      | Reached skill level 6 in Spellcasting
  2570 | D:3      | Reached XP level 5. HP: 23/28 MP: 4/15
  3059 | D:4      | Noticed a necrophage
  3068 | D:4      | Killed a necrophage
  3069 | D:4      | Reached skill level 7 in Spellcasting
  3069 | D:4      | Reached XP level 6. HP: 30/32 MP: 5/18
  3194 | D:4      | Found a transporter.
  3197 | D:4      | Found a transporter.
  3198 | D:4      | Noticed anet's ghost (amateur GrCj)
  3257 | D:4      | Noticed Edmund
  3266 | D:4      | Learned a level 4 spell: Fulminant Prism
  3271 | D:4      | Learned a level 4 spell: Iskenderun's Mystic Blast
  3460 | D:4      | Identified the +1 robe of Yteijall {Harm rElec Int+2 Dex-5}
  3696 | D:4      | Slain by Edmund

Illustrated notes

Levels and vault maps discovered:
D:1:      erik_arrival_cave_to_civilisation [erik_arrival_cave_to_hall],
          layout_basic
D:2:      layout_loops_cross
D:3:      layout_rooms, serial_bayou_pond_c
D:4:      layout_basic, gammafunk_ghost_smash, uniq_edmund

Skill      XL: |  1  2  3  4  5 |
---------------+----------------+-----
Spellcasting   | 4 5 6 7 |  7.5
Conjurations   | 5 |  5.9
Dodging        | |  2.4
Stealth        | |  2.4
Hexes          | |  0.3
Translocations | |  0.1

Action                   |  1- 3 |  4- 6 || total
-------------------------+-------+-------++-------
 Cast: Magic Dart        |    62 |    70 ||   132
       Searing Ray       |     8 |    16 ||    24
       Iskenderun's Myst |       |     1 ||     1
Armor: Robe              |       |     1 ||     1
Dodge: Dodged            |     9 |     8 ||    17

Table legend: (Time is in decaauts)
 A = Elapsed time spent in this place.
 B = Non-inter-level travel time spent in this place.
 C = Inter-level travel time spent in this place.
 D = Time resting spent in this place.
 E = Time spent auto-exploring this place.
 F = Levels seen in this place.
 G = Mean time per level.
                   A        B        C        D        E       F      G
               +--------+--------+--------+--------+--------+-----+--------+
         Total |   3703 |   3632 |     71 |    100 |   3093 |   4 |  925.8 |
       Dungeon |   3703 |   3632 |     71 |    100 |   3093 |   4 |  925.8 |
               +--------+--------+--------+--------+--------+-----+--------+

Top non-repeatable levels by time:
     D:1: 1200 daAuts
     D:2: 1003 daAuts
     D:4: 816 daAuts
     D:3: 683 daAuts
